 Dungeon Crawl Stone Soup version 0.21-a0-344-g2144152 (webtiles) character file.

2907 tidbits the Infuser (level 9, 0/71 HPs)
             Began as a Gnoll Skald on Oct 4, 2017.
             Was an Elder of Cheibriados.
             Engulfed by a steam dragon's steam (9 damage)
             ... on level 8 of the Dungeon.
             The game lasted 00:20:48 (3453 turns).

tidbits the Infuser (Gnoll Skald)                   Turns: 3453, Time: 00:20:49

Health: 0/71       AC: 10    Str: 22    XL:     9   Next: 78%
Magic:  15/19      EV: 20    Int: 28    God:    Cheibriados [****..]
Gold:   335        SH:  6    Dex: 24    Spells: 8/21 levels left

rFire    . . .     SeeInvis .   a - +0 war axe
rCold    . . .     Gourm    .   D - +0 buckler
rNeg     + . .     Faith    .   B - +0 ring mail
rPois    .         Spirit   .   E - +0 helmet
rElec    .         Reflect  .   C - +1 cloak
rCorr    .         Harm     .   (no gloves)
MR       .....                  F - +0 pair of boots
Stlth    ++++......             O - macabre finger necklace {rN+}
HPRegen  0.21/turn              v - ring of stealth
MPRegen  0.16/turn              V - +3 ring of evasion
                                (no ring)

@: very slow
A: distributed training, fangs 1, strong nose
a: Bend Time, Temporal Distortion, Slouch, Renounce Religion


You were on level 8 of the Dungeon.
You worshipped Cheibriados.
Cheibriados was greatly pleased with you.
You were hungry.

You visited 2 branches of the dungeon, and saw 10 of its levels.

You collected 335 gold pieces.

Inventory:

Hand Weapons
 a - a +0 war axe (weapon)
 u - a +0 long sword
 G - a +0 flail
 M - a +1 trident of piercing
   (You took it off a gnoll sergeant on level 6 of the Dungeon)
Missiles
 t - 5 tomahawks (quivered)
 w - 133 arrows
 J - 6 javelins of returning
 L - 2 javelins
Armour
 b - a +0 leather armour
 n - a +0 scale mail
 B - a +0 ring mail (worn)
 C - a +1 cloak (worn)
 D - a +0 buckler (worn)
 E - a +0 helmet (worn)
 F - a +0 pair of boots (worn)
Jewellery
 v - a ring of stealth (left hand)
   (You found it on level 2 of the Dungeon)
 O - the macabre finger necklace (around neck) {rN+}
   (You found it on level 9 of the Dungeon)

   [amulet of nothing]

   It protects you from negative energy.
 V - a +3 ring of evasion (right hand)
   (You found it on level 4 of the Dungeon)
Wands
 f - a wand of lightning (6/15)
Scrolls
 i - a scroll of enchant weapon {unknown}
 o - a scroll of recharging {unknown}
 r - 4 scrolls of remove curse
 y - 3 scrolls of fear
 z - a scroll of enchant armour {unknown}
 H - 4 scrolls of teleportation {unknown}
 N - a scroll of noise {unknown}
Potions
 e - 2 potions of invisibility
 g - a potion of ambrosia
 l - 4 potions of lignification
 m - 2 potions of brilliance
 p - a potion of might {unknown}
 s - 2 potions of magic
 A - a potion of curing
 K - a potion of mutation {unknown}
Books
 c - a book of Battle

   Spells                             Type                      Level
   a - Infusion                       Charms                       1
   b - Shroud of Golubria             Charms/Translocation         2
   c - Song of Slaying                Charms                       2
   d - Spectral Weapon                Hexes/Charms                 3
   e - Regeneration                   Charms/Necromancy            3
 q - a book of Necromancy
   (You found it on level 3 of the Dungeon)

   Spells                             Type                      Level
   a - Pain                           Necromancy                   1
   b - Animate Skeleton               Necromancy                   1
   c - Vampiric Draining              Necromancy                   3
   d - Regeneration                   Charms/Necromancy            3
   e - Animate Dead                   Necromancy                   4
   f - Control Undead                 Necromancy                   4
 x - the Catalogue of the Lethal Traveller
   (You found it on level 5 of the Dungeon)

   Spells                             Type                      Level
   a - Flame Tongue                   Conjuration/Fire             1
   b - Sting                          Conjuration/Poison           1
   c - Apportation                    Translocation                1
   d - Static Discharge               Conjuration/Air              3
   e - Recall                         Summoning/Translocation      3
   f - Teleport Other                 Translocation                3
   g - Iskenderun's Mystic Blast      Conjuration                  4
Comestibles
 d - 8 bread rations
 h - 7 meat rations
 j - 3 royal jellies
 k - 7 fruits
 I - 4 chunks of flesh


   Skills:
 + Level 6.5 Fighting
 + Level 4.5 Short Blades
 + Level 4.5 Long Blades
 + Level 6.5 Axes
 + Level 4.5 Maces & Flails
 + Level 4.5 Polearms
 + Level 4.5 Staves
 + Level 4.5 Slings
 + Level 4.5 Bows
 + Level 4.5 Crossbows
 + Level 4.5 Throwing
 + Level 5.2 Armour
 + Level 6.5 Dodging
 + Level 4.5 Stealth
 + Level 4.5 Shields
 + Level 4.5 Unarmed Combat
 + Level 6.8 Spellcasting
 + Level 4.5 Conjurations
 + Level 4.5 Hexes
 + Level 8.0 Charms
 + Level 4.5 Summonings
 + Level 4.5 Necromancy
 + Level 4.5 Translocations
 + Level 4.5 Transmutations
 + Level 4.5 Fire Magic
 + Level 4.5 Ice Magic
 + Level 4.5 Air Magic
 + Level 4.5 Earth Magic
 + Level 4.5 Poison Magic
 + Level 4.5 Invocations
 + Level 4.5 Evocations


You had 8 spell levels left.
You knew the following spells:

 Your Spells              Type           Power        Failure   Level  Hunger
a - Apportation           Tloc           ####..       1%          1    None
g - Shroud of Golubria    Chrm/Tloc      #####.....   1%          2    None
i - Infusion              Chrm           ####         1%          1    None
n - Animate Skeleton      Necr           N/A          1%          1    None
r - Regeneration          Chrm/Necr      #####.....   1%          3    None
w - Spectral Weapon       Hex/Chrm       #####...     1%          3    None
y - Song of Slaying       Chrm           ######..     1%          2    None


Dungeon Overview and Level Annotations

Branches:
Dungeon (9/15)             Temple (1/1) D:5
   Lair: D:8-11         Orc: D:9-12

Altars:
Ashenzari
Cheibriados
Dithmenos
Elyvilon
Fedhas
Gozag
Hepliaklqana
Kikubaaqudgha
Makhleb
Nemelex Xobeh
Okawaru
Qazlal
Ru
Sif Muna
Trog
Uskayaw
Vehumet
Wu Jian
Xom
Yredelemnul
Zin
The Shining One

Shops:
D:6 (

Annotations:
D:8 Maurice


Innate Abilities, Weirdness & Mutations

Your experience applies equally to all skills.
You have very sharp teeth.
Your uncanny sense of smell can sniff out nearby items.


Message History

A gnoll comes into view. It is wielding a flail.
The orc closely misses you. x2
The gnoll shouts! x2; The orc shouts!
You slash the orc!
You kill the orc!
Cheibriados thoroughly appreciates the change of pace.
A gnoll comes into view. It is wielding a spear.
The gnoll shouts!
You hit the orc.
The orc is moderately wounded.
The orc completely misses you.
You slash the orc!
You kill the orc!
Cheibriados appreciates the change of pace.
You slash the orc!
You kill the orc!
Cheibriados thoroughly appreciates the change of pace.
You hit the orc.
The orc is heavily wounded.
The orc misses you.
You hit the orc.
You kill the orc!
Cheibriados thoroughly appreciates the change of pace.
You hit the gnoll.
The gnoll is lightly wounded.
The gnoll barely misses you.
You slash the gnoll!
The gnoll is almost dead.
The gnoll hits you but does no damage. The gnoll barely misses you.
The gnoll completely misses you.
A steam dragon comes into view.
You hit the gnoll but do no damage. You bite the gnoll.
You kill the gnoll!
Cheibriados appreciates the change of pace.
The gnoll hits you but does no damage.
You slash the gnoll!
The gnoll is severely wounded.
The gnoll hits you with a flail. The gnoll misses you.
You slash the gnoll!
You kill the gnoll!
Cheibriados appreciates the change of pace.
The gnoll hits you from afar with a spear.
You block the gnoll's attack. The gnoll hits you with a spear.
Items here: )))) [ ††††
Casting: Animate Skeleton
Confirm with . or Enter, or press ? or * to list all spells.
You draw out your weapon's spirit!
The gnoll hits you but does no damage. You block the steam dragon's attack.
The steam dragon misses you. You block the gnoll's attack.
The steam dragon barely misses you.
The steam dragon claws you but does no damage.
The gnoll closely misses you. The steam dragon closely misses you.
The steam dragon claws you.
Your orc priest skeleton hits the gnoll but does no damage.
The gnoll closely misses you. The steam dragon breathes steam at you.
The ball of steam hits you!
Your orc priest skeleton barely misses the gnoll.
You hit the steam dragon but do no damage.
Your bite misses the steam dragon. You hit the gnoll but do no damage.
You are engulfed in a cloud of scalding steam.
The gnoll closely misses you. You block the steam dragon's attack.
The steam dragon claws you but does no damage.
Your orc priest skeleton hits the gnoll but does no damage.
The gnoll hits you but does no damage.
The steam dragon bites you but does no damage.
The steam dragon misses you. The gnoll misses you.
Your orc priest skeleton closely misses the gnoll.
The steam dragon bites you.
The steam dragon claws you but does no damage.
The gnoll completely misses you. The steam dragon breathes steam at you.
The ball of steam hits you!
* * * LOW HITPOINT WARNING * * *
The flow of time bends around you.
The steam dragon resists with some effort.
You feel slightly more hungry.
You are engulfed in a cloud of scalding steam.
Your orc priest skeleton is engulfed in a cloud of scalding steam.
Your orc priest skeleton barely misses the gnoll.
The gnoll closely misses you. The steam dragon misses you.
The steam dragon claws you.
* * * LOW HITPOINT WARNING * * *
You closely miss the steam dragon.
You are engulfed in a cloud of scalding steam.
* * * LOW HITPOINT WARNING * * *
Your spectral weapon hits the steam dragon.
Your spectral weapon hits the gnoll.
The gnoll misses you.
Your orc priest skeleton barely misses the gnoll.
You block the steam dragon's attack. x2
You closely miss the steam dragon. Your bite misses the steam dragon.
The steam dragon is lightly wounded.
You are engulfed in a cloud of scalding steam.
* * * LOW HITPOINT WARNING * * *
Your spectral weapon hits the steam dragon!
Your spectral weapon hits the gnoll.
The gnoll completely misses you.
Your orc priest skeleton barely misses the gnoll.
The steam dragon closely misses you. The steam dragon completely misses you.
You feel better.
You are engulfed in a cloud of scalding steam.
You die...

.. .#.##.##.#
.....#.#.#) #.##.#
........#. #.##.#
#.......#.
#.##.##### #......#.
#......<.. #......#.
####......
#......#.#######....
#...(g.#.........##.
#.§@D.Z#############
#......)............
##+#################
.... ############.##
........<......
############.## #.##
#...


You could see a steam dragon, a gnoll, a friendly spectral war axe and a
friendly orc priest skeleton.

Vanquished Creatures
  A hornet (D:8)
  A wraith (D:7)
  A steam dragon (D:7)
  A hungry ghost (D:7)
  A water moccasin (D:8)
  2 sky beasts
  An orc warrior (D:8)
  2 ogres
  3 centaurs
  A big kobold (D:8)
  A gnoll sergeant (D:6)
  2 bullfrogs (D:8)
  2 scorpions (D:9)
  6 killer bees
  3 howler monkeys (D:9)
  2 bullfrog zombies
  A centaur zombie (D:9)
  A quasit (D:9)
  2 hounds
  6 orc wizards
  5 orc priests
  A bullfrog skeleton (D:8)
  2 worker ants (D:5)
  2 hound zombies
  A hound skeleton (D:5)
  14 gnolls
  5 adders
  An ooze (D:7)
  3 worms
  2 dart slugs
  2 leopard geckos
  17 orcs
  6 bats
  4 giant cockroaches
  5 goblins
  3 hobgoblins
  12 jackals
  2 quokkas
  A ball python (D:7)
  5 frilled lizards
  10 kobolds
  6 rats
149 creatures vanquished.

Vanquished Creatures (collateral kills)
  A jelly (D:9)
  An adder (D:7)
  A quokka (D:6)
  A bat (D:2)
4 creatures vanquished.

Vanquished Creatures (others)
  2 spectral weapons (D:8)
2 creatures vanquished.

Grand Total: 155 creatures vanquished

Notes
Turn   | Place    | Note
-------+----------+-------------------------------------------
     0 | D:1      | tidbits the Gnoll Skald began the quest for the Orb.
     0 | D:1      | Reached XP level 1. HP: 20/20 MP: 6/6
    39 | D:1      | Reached XP level 2. HP: 23/26 MP: 0/7
    44 | D:1      | Learned a level 2 spell: Song of Slaying
   219 | D:1      | Reached XP level 3. HP: 30/31 MP: 0/9
   223 | D:1      | Learned a level 2 spell: Shroud of Golubria
   227 | D:1      | Learned a level 3 spell: Regeneration
   447 | D:3      | Reached skill level 5 in Spellcasting
   476 | D:3      | Found a stormy altar of Qazlal.
   575 | D:3      | Learned a level 3 spell: Spectral Weapon
   577 | D:3      | Learned a level 1 spell: Animate Skeleton
   681 | D:2      | Found a bloodstained altar of Trog.
   894 | D:2      | Reached skill level 1 in Short Blades
   894 | D:2      | Reached skill level 1 in Long Blades
   894 | D:2      | Reached skill level 1 in Maces & Flails
   894 | D:2      | Reached skill level 1 in Polearms
   894 | D:2      | Reached skill level 1 in Staves
   894 | D:2      | Reached skill level 1 in Slings
   894 | D:2      | Reached skill level 1 in Bows
   894 | D:2      | Reached skill level 1 in Crossbows
   894 | D:2      | Reached skill level 1 in Throwing
   894 | D:2      | Reached skill level 1 in Stealth
   894 | D:2      | Reached skill level 1 in Shields
   894 | D:2      | Reached skill level 1 in Unarmed Combat
   894 | D:2      | Reached skill level 1 in Conjurations
   894 | D:2      | Reached skill level 1 in Hexes
   894 | D:2      | Reached skill level 1 in Summonings
   894 | D:2      | Reached skill level 1 in Necromancy
   894 | D:2      | Reached skill level 1 in Translocations
   894 | D:2      | Reached skill level 1 in Transmutations
   894 | D:2      | Reached skill level 1 in Fire Magic
   894 | D:2      | Reached skill level 1 in Ice Magic
   894 | D:2      | Reached skill level 1 in Air Magic
   894 | D:2      | Reached skill level 1 in Earth Magic
   894 | D:2      | Reached skill level 1 in Poison Magic
   894 | D:2      | Reached skill level 1 in Invocations
   894 | D:2      | Reached skill level 1 in Evocations
   894 | D:2      | Reached XP level 4. HP: 28/38 MP: 7/11
  1201 | D:4      | Reached XP level 5. HP: 40/43 MP: 2/12
  1330 | D:5      | Entered Level 5 of the Dungeon
  1345 | D:5      | Reached skill level 3 in Armour
  1405 | D:5      | Found a staircase to the Ecumenical Temple.
  1411 | Temple   | Entered the Ecumenical Temple
  1494 | Temple   | Became a worshipper of Cheibriados the Contemplative
  1766 | D:5      | Identified the Catalogue of the Lethal Traveller
  1771 | D:5      | Learned a level 1 spell: Apportation
  1861 | D:5      | Found an ornate altar of the Wu Jian Council.
  1862 | D:5      | Found a deep blue altar of Sif Muna.
  2054 | D:6      | Reached XP level 6. HP: 50/50 MP: 10/13
  2157 | D:6      | Noticed a sky beast
  2163 | D:6      | Reached skill level 5 in Fighting
  2163 | D:6      | Reached skill level 2 in Short Blades
  2163 | D:6      | Reached skill level 2 in Long Blades
  2163 | D:6      | Reached skill level 5 in Axes
  2163 | D:6      | Reached skill level 2 in Maces & Flails
  2163 | D:6      | Reached skill level 2 in Polearms
  2163 | D:6      | Reached skill level 2 in Staves
  2163 | D:6      | Reached skill level 2 in Slings
  2163 | D:6      | Reached skill level 2 in Bows
  2163 | D:6      | Reached skill level 2 in Crossbows
  2163 | D:6      | Reached skill level 2 in Throwing
  2163 | D:6      | Reached skill level 5 in Dodging
  2163 | D:6      | Reached skill level 2 in Stealth
  2163 | D:6      | Reached skill level 2 in Shields
  2163 | D:6      | Reached skill level 2 in Unarmed Combat
  2163 | D:6      | Reached skill level 2 in Conjurations
  2163 | D:6      | Reached skill level 2 in Hexes
  2163 | D:6      | Reached skill level 2 in Summonings
  2163 | D:6      | Reached skill level 2 in Necromancy
  2163 | D:6      | Reached skill level 2 in Translocations
  2163 | D:6      | Reached skill level 2 in Transmutations
  2163 | D:6      | Reached skill level 2 in Fire Magic
  2163 | D:6      | Reached skill level 2 in Ice Magic
  2163 | D:6      | Reached skill level 2 in Air Magic
  2163 | D:6      | Reached skill level 2 in Earth Magic
  2163 | D:6      | Reached skill level 2 in Poison Magic
  2163 | D:6      | Reached skill level 2 in Invocations
  2163 | D:6      | Reached skill level 2 in Evocations
  2168 | D:6      | Killed a sky beast
  2168 | D:6      | Reached XP level 7. HP: 19/56 MP: 5/15
  2200 | D:6      | Found a shattered altar of Ashenzari.
  2230 | D:6      | Found Cauh's Antique Weapon Emporium.
  2288 | D:6      | Reached skill level 7 in Charms
  2309 | D:6      | Reached * piety under Cheibriados
  2470 | D:7      | Noticed a hungry ghost
  2479 | D:7      | Killed a hungry ghost
  2479 | D:7      | Reached XP level 8. HP: 59/63 MP: 10/16
  2538 | D:8      | Noticed a hornet
  2549 | D:8      | Reached skill level 3 in Short Blades
  2549 | D:8      | Reached skill level 3 in Long Blades
  2549 | D:8      | Reached skill level 3 in Maces & Flails
  2549 | D:8      | Reached skill level 3 in Polearms
  2549 | D:8      | Reached skill level 3 in Staves
  2549 | D:8      | Reached skill level 3 in Slings
  2549 | D:8      | Reached skill level 3 in Bows
  2549 | D:8      | Reached skill level 3 in Crossbows
  2549 | D:8      | Reached skill level 3 in Throwing
  2549 | D:8      | Reached skill level 4 in Armour
  2549 | D:8      | Reached skill level 3 in Stealth
  2549 | D:8      | Reached skill level 3 in Shields
  2549 | D:8      | Reached skill level 3 in Unarmed Combat
  2549 | D:8      | Reached skill level 3 in Conjurations
  2549 | D:8      | Reached skill level 3 in Hexes
  2549 | D:8      | Reached skill level 3 in Summonings
  2549 | D:8      | Reached skill level 3 in Necromancy
  2549 | D:8      | Reached skill level 3 in Translocations
  2549 | D:8      | Reached skill level 3 in Transmutations
  2549 | D:8      | Reached skill level 3 in Fire Magic
  2549 | D:8      | Reached skill level 3 in Ice Magic
  2549 | D:8      | Reached skill level 3 in Air Magic
  2549 | D:8      | Reached skill level 3 in Earth Magic
  2549 | D:8      | Reached skill level 3 in Poison Magic
  2549 | D:8      | Reached skill level 3 in Invocations
  2549 | D:8      | Reached skill level 3 in Evocations
  2552 | D:8      | Killed a hornet
  2587 | D:8      | Reached skill level 6 in Spellcasting
  2707 | D:8      | Reached ** piety under Cheibriados
  2756 | D:8      | Reached skill level 6 in Fighting
  2756 | D:8      | Reached skill level 6 in Axes
  2756 | D:8      | Reached skill level 6 in Dodging
  2756 | D:8      | Reached XP level 9. HP: 55/69 MP: 11/18
  3044 | D:7      | Reached skill level 4 in Short Blades
  3044 | D:7      | Reached skill level 4 in Long Blades
  3044 | D:7      | Reached skill level 4 in Maces & Flails
  3044 | D:7      | Reached skill level 4 in Polearms
  3044 | D:7      | Reached skill level 4 in Staves
  3044 | D:7      | Reached skill level 4 in Slings
  3044 | D:7      | Reached skill level 4 in Bows
  3044 | D:7      | Reached skill level 4 in Crossbows
  3044 | D:7      | Reached skill level 4 in Throwing
  3044 | D:7      | Reached skill level 4 in Stealth
  3044 | D:7      | Reached skill level 4 in Shields
  3044 | D:7      | Reached skill level 4 in Unarmed Combat
  3044 | D:7      | Reached skill level 4 in Conjurations
  3044 | D:7      | Reached skill level 4 in Hexes
  3044 | D:7      | Reached skill level 4 in Summonings
  3044 | D:7      | Reached skill level 4 in Necromancy
  3044 | D:7      | Reached skill level 4 in Translocations
  3044 | D:7      | Reached skill level 4 in Transmutations
  3044 | D:7      | Reached skill level 4 in Fire Magic
  3044 | D:7      | Reached skill level 4 in Ice Magic
  3044 | D:7      | Reached skill level 4 in Air Magic
  3044 | D:7      | Reached skill level 4 in Earth Magic
  3044 | D:7      | Reached skill level 4 in Poison Magic
  3044 | D:7      | Reached skill level 4 in Invocations
  3044 | D:7      | Reached skill level 4 in Evocations
  3054 | D:7      | Reached *** piety under Cheibriados
  3093 | D:7      | Reached skill level 5 in Armour
  3188 | D:9      | Reached skill level 8 in Charms
  3202 | D:8      | Reached **** piety under Cheibriados
  3267 | D:8      | Noticed Maurice
  3286 | D:8      | Paralysed by something for 6 turns
  3393 | D:9      | Found the macabre finger necklace {rN+}
  3452 | D:8      | HP: 3/71 [steam dragon] (10)]
  3453 | D:8      | Engulfed by a steam dragon's steam

Vault maps used:
D:1:      lordsloth_arrival_two_stooges, kennysheep_another_room
D:2:      bloody_trog, minivault_27
D:3:      marbit_many_paths, first_bread
D:5:      gammafunk_temple_overflow_statue, minmay_temple_entry_fiery
D:6:      lemuel_round_altar, serial_shops, nicolae_shop_trees,
          nemelex_spade_bored_becter, uniq_duvessa
D:7:      the_bakery, fountainhead, serial_bayou_lagoon_b, uniq_joseph
D:8:      uniq_maurice
Temple:   minmay_crystal_spiral_temple

Skill      XL: |  1  2  3  4  5  6  7  8  9 |
---------------+----------------------------+-----
Spellcasting   | 5 6 |  6.8
Short Blades   | 1 2 3 4 |  4.5
Long Blades    | 1 2 3 4 |  4.5
Maces & Flails | 1 2 3 4 |  4.5
Polearms       | 1 2 3 4 |  4.5
Staves         | 1 2 3 4 |  4.5
Slings         | 1 2 3 4 |  4.5
Bows           | 1 2 3 4 |  4.5
Crossbows      | 1 2 3 4 |  4.5
Throwing       | 1 2 3 4 |  4.5
Stealth        | 1 2 3 4 |  4.5
Shields        | 1 2 3 4 |  4.5
Unarmed Combat | 1 2 3 4 |  4.5
Conjurations   | 1 2 3 4 |  4.5
Hexes          | 1 2 3 4 |  4.5
Summonings     | 1 2 3 4 |  4.5
Necromancy     | 1 2 3 4 |  4.5
Translocations | 1 2 3 4 |  4.5
Transmutations | 1 2 3 4 |  4.5
Fire Magic     | 1 2 3 4 |  4.5
Ice Magic      | 1 2 3 4 |  4.5
Air Magic      | 1 2 3 4 |  4.5
Earth Magic    | 1 2 3 4 |  4.5
Poison Magic   | 1 2 3 4 |  4.5
Invocations    | 1 2 3 4 |  4.5
Evocations     | 1 2 3 4 |  4.5
Armour         | 3 4 5 |  5.2
Fighting       | 5 6 |  6.5
Axes           | 5 6 |  6.5
Dodging        | 5 6 |  6.5
Charms         | 7 8 |  8.0

Action                   |  1- 3 |  4- 6 |  7- 9 || total
-------------------------+-------+-------+-------++-------
Melee: Hand axe          |    63 |    82 |    61 ||   206
       Bite              |     3 |     8 |    30 ||    41
       War axe           |       |       |   183 ||   183
Throw: Tomahawk          |       |       |     1 ||     1
 Cast: Infusion          |     9 |     1 |     1 ||    11
       Spectral Weapon   |     4 |    15 |    28 ||    47
       Regeneration      |     2 |     1 |    18 ||    21
       Animate Skeleton  |       |     3 |    12 ||    15
       Shroud of Golubri |       |       |     3 ||     3
Invok: Bend Time         |       |       |     1 ||     1
  Use: Scroll            |     3 |     5 |     2 ||    10
       Potion            |       |       |     3 ||     3
 Stab: Sleeping          |       |     2 |     3 ||     5
       Distracted        |       |     1 |     4 ||     5
       Invisible         |       |       |     4 ||     4
  Eat: Chunk             |       |     5 |     6 ||    11
       Fruit             |       |     1 |       ||     1
Armor: Leather armour    |    14 |       |       ||    14
       Ring mail         |    10 |    32 |    91 ||   133
       Skin              |       |       |     4 ||     4
Dodge: Dodged            |    43 |    68 |   220 ||   331
Block: Buckler           |       |     5 |    69 ||    74

Table legend:
 A = Spawn XP
 B = Non-spawn XP
 C = Spawn XP percentage of total XP
 D = Spawn monster count
 E = Non-spawn monster count
 F = Spawn count percentage of total count
 G = Total turns spent on level
                    A         B        C        D         E        F      G
               +---------+---------+-------+---------+---------+-------+---------
         Total |       0 |    4154 |   0.0 |       0 |     153 |   0.0 |  3453
               +---------+---------+-------+---------+---------+-------+---------
           D:1 |       0 |      35 |   0.0 |       0 |      22 |   0.0 |   372
           D:2 |       0 |      68 |   0.0 |       0 |      10 |   0.0 |   345
           D:3 |       0 |      28 |   0.0 |       0 |      14 |   0.0 |   411
           D:4 |       0 |      64 |   0.0 |       0 |       8 |   0.0 |   257
           D:5 |       0 |      88 |   0.0 |       0 |       4 |   0.0 |   483
           D:6 |       0 |     683 |   0.0 |       0 |      21 |   0.0 |   381
           D:7 |       0 |    1123 |   0.0 |       0 |      23 |   0.0 |   246
           D:8 |       0 |    1631 |   0.0 |       0 |      42 |   0.0 |   735
           D:9 |       0 |     434 |   0.0 |       0 |       9 |   0.0 |    55
               +---------+---------+-------+---------+---------+-------+---------

Table legend:
 A = Turns spent in this place as a percentage of turns spent in the entire game.
 B = Non-inter-level travel turns spent in this place as a percentage of non-inter-level travel turns spent in the entire game.
 C = Inter-level travel turns spent in this place as a percentage of turns spent in this place.
 D = Turns resting spent in this place as a percentage of non-inter-level travel turns spent in this place.
 E = Turns spent auto-exploring this place as a percentage of non-inter-level travel turns spent in this place.
 F = Non-inter-level travel turns spent in this place divided by the number of levels of this place that you've seen.
                   A       B       C       D       E      F
               +-------+-------+-------+-------+-------+----------------------
         Total | 100.0 | 100.0 |   6.1 |   0.0 |   0.0 | 324.1
       Dungeon |  95.1 |  97.3 |   4.0 |   0.0 |   0.0 | 350.4
        Temple |   4.9 |   2.7 |  48.2 |   0.0 |   0.0 |  87.0
               +-------+-------+-------+-------+-------+----------------------

Table legend:
 A = Kills in this place as a percentage of kills in entire the game.
 B = Kills by you in this place as a percentage of kills by you in the entire game.
 C = Kills by friends in this place as a percentage of kills by friends in the entire game.
 D = Other kills in this place as a percentage of other kills in the entire game.
 E = Experience gained in this place as a percentage of experience gained in the entire game.
 F = Experience gained in this place divided by the number of levels of this place that you have seen.
                   A       B       C       D       E      F
               +-------+-------+-------+-------+-------+----------------------
         Total | 100.0 | 100.0 | 100.0 |   N/A | 100.0 | 415.4
       Dungeon | 100.0 | 100.0 | 100.0 |   N/A | 100.0 | 461.6
               +-------+-------+-------+-------+-------+----------------------

Vault maps used:
D:1:      lordsloth_arrival_two_stooges, kennysheep_another_room
D:2:      bloody_trog, minivault_27
D:3:      marbit_many_paths, first_bread
D:5:      gammafunk_temple_overflow_statue, minmay_temple_entry_fiery
D:6:      lemuel_round_altar, serial_shops, nicolae_shop_trees,
          nemelex_spade_bored_becter, uniq_duvessa
D:7:      the_bakery, fountainhead, serial_bayou_lagoon_b, uniq_joseph
D:8:      uniq_maurice
Temple:   minmay_crystal_spiral_temple
